Map: [ESL] Oceanborn

Players

Cure

  • Race: Terran Terran
  • Spawn Location: 11:00

SHIN - Winner!

  • Race: Zerg Zerg
  • Spawn Location: 5:00

Event: ESL Spring 2024 Finals

VOD

Have the link to the VOD?

Description

Time

  • Played on: June 1, 2024, 2:43 p.m.
  • Length: 23:22

All games in this series

Show
View Real Time Build Order
Export as new Build Order

Cure Terran 

Build Orders: Reaper Expand, Hellion Banshee, Mech 

Get SALT Encoding   

  12  0:00  SCV  
  13  0:12  SCV  
  14  0:17  Supply Depot  
  14  0:24  SCV  
  15  0:38  SCV  
  15  0:40  Barracks  
  15  0:42  Refinery  
  16  0:50  SCV  
  17  1:03  SCV  
  18  1:15  SCV  
  19  1:26  Reaper  
  19  1:27  Orbital Command  
  20  1:37  Command Center  
  20  1:46  Supply Depot  
  20  1:53  SCV  
  21  1:58  Marine  
  22  2:05  SCV  
  23  2:10  Factory  
  23  2:17  SCV  
  25  2:29  SCV  
  25  2:30  Barracks Reactor  
  25  2:37  Command Center  
  25  2:41  SCV  
  26  2:50  Orbital Command  
  26  2:53  SCV  
  27  2:58  Starport  
  27  3:05  SCV, Refinery  
  27  3:12  Hellion  
  30  3:13  Hellion  
  30  3:16  SCV  
  30  3:17  SCV  
  34  3:21  Barracks Tech Lab  
  34  3:28  SCV  
  34  3:30  SCV  
  38  3:34  Hellion  
  38  3:35  Hellion  
  40  3:41  SCV  
  40  3:42  SCV  
  40  3:43  Viking  
  44  3:49  Orbital Command  
  44  3:51  Cloaking Field  
  44  3:53  SCV  
  44  3:54  SCV  
  46  4:05  SCV, Hellion x2  
  46  4:06  SCV  
  52  4:10  Supply Depot  
  52  4:13  Banshee  
  52  4:14  SCV  
  56  4:18  Barracks Tech Lab, SCV x2  
  58  4:26  SCV  
  58  4:30  SCV  
  58  4:31  SCV, Hellion x2  
  61  4:32  Supply Depot  
  61  4:37  Supply Depot  
  65  4:39  SCV  
  65  4:41  Refinery  
  65  4:42  SCV  
  65  4:43  SCV, Refinery  
  68  4:52  SCV  
  69  4:54  SCV  
  69  4:55  Supply Depot, SCV  
  69  4:56  Banshee  
  76  5:00  Hellion x2  
  76  5:04  SCV  
  76  5:06  SCV  
  80  5:07  SCV  
  81  5:16  SCV, Factory  
  81  5:17  Factory  
  81  5:18  Supply Depot, SCV  
  81  5:19  Supply Depot, SCV  
  84  5:24  Hellion x2  
  88  5:28  SCV  
  88  5:30  SCV  
  88  5:31  SCV  
  91  5:40  SCV  
  91  5:41  Armory x2  
  92  5:43  SCV  
  92  5:45  Cyclone x2  
  97  5:54  Command Center  
  97  6:01  SCV x3  
  79  6:13  SCV x3  
  79  6:14  Cyclone  
  79  6:17  Cyclone x2, Refinery  
  79  6:18  Cyclone, Refinery  
  88  6:19  Supply Depot  
  88  6:20  Infernal Pre-Igniter, Engineering Bay  
  89  6:34  Factory x2  
  89  6:35  SCV x3  
  92  6:42  Terran Vehicle And Ship Armor Level 1, Terran Vehicle Weapons Level 1  
  92  6:46  Hellion  
  94  6:47  Starport Tech Lab  
  94  6:49  Hellion x2  
  94  6:51  Hellion  
  94  6:52  SCV x3  
  103  7:04  Hurricane Engines  
  103  7:07  Siege Tank  
  106  7:10  SCV x3  
  106  7:11  Hellion x2  
  106  7:12  Siege Tank  
  106  7:14  Missile Turret  
  106  7:15  Missile Turret x2  
  116  7:18  Missile Turret  
  116  7:19  Factory Reactor, Factory Tech Lab  
  116  7:20  Raven  
  116  7:22  SCV x2  
  120  7:23  SCV  
  121  7:30  Planetary Fortress  
  121  7:32  Missile Turret  
  121  7:34  Refinery  
  121  7:36  Refinery  
  121  7:37  Hellion x2  
  125  7:40  Siege Tank x2  
  125  7:42  SCV  
  132  7:47  Supply Depot x2  
  132  7:48  Supply Depot  
  132  7:55  Command Center  
  132  8:01  Smart Servos  
  132  8:08  SCV x3, Siege Tank  
  132  8:12  Siege Tank, Hellion x2  
  147  8:13  Siege Tank, Hellion  
  147  8:16  SCV  
  151  8:20  SCV  
  151  8:21  Supply Depot, SCV  
  151  8:23  Supply Depot  
  151  8:25  SCV  
  154  8:28  SCV  
  154  8:33  SCV  
  156  8:37  Factory x2  
  156  8:38  Factory  
  156  8:41  Terran Vehicle And Ship Armor Level 2  
  156  8:42  Starport Reactor  
  156  8:43  SCV x3, Siege Tank  
  156  8:48  Supply Depot x2  
  162  8:50  Siege Tank x2  
  168  8:58  Hellion x2  
  172  9:03  Supply Depot  
  172  9:07  Hellion x2  
  176  9:14  Terran Vehicle Weapons Level 2  
  176  9:15  Siege Tank  
  179  9:22  Siege Tank, Viking  
  179  9:23  Siege Tank  
  187  9:25  Siege Tank  
  187  9:26  Hellion x2  
  187  9:29  Hellion  
  194  9:34  Hellion  
  194  9:35  Factory Reactor, Factory Tech Lab  
  192  9:47  Siege Tank, Hellion x2  
  199  9:54  Refinery  
  199  9:59  Refinery  
  195  10:12  Viking x2  
  186  10:21  Siege Tank x2  
  177  10:22  Hellion x2  
  177  10:23  Hellion x2  
  177  10:27  Planetary Fortress, SCV  
  192  10:32  Command Center  
  192  10:34  Hellion  
  191  10:40  Command Center  
  191  10:41  Command Center  
  181  10:45  Viking x2  
  181  10:47  Thor x3  
  197  10:53  Thor  
  197  11:00  Thor  
  189  11:09  Command Center  
  189  11:11  Ghost Academy  
  189  11:12  Barracks  
  189  11:13  Barracks  
  187  11:29  Thor  
  187  11:30  Thor, Viking x2  
  198  11:35  Hellion x2  
  185  11:48  Thor  
  185  11:51  Thor x2  
  198  12:00  Viking  
  196  12:04  SCV x3  
  186  12:08  Hellion  
  186  12:12  Hellion, Viking  
  186  12:14  Hellion  
  186  12:20  Siege Tank, Thor  
  186  12:21  Orbital Command  
  189  12:30  Viking  
  189  12:31  Siege Tank  
  188  12:38  Siege Tank, Thor  
  188  12:39  Hellion  
  188  12:40  SCV x3  
  194  12:50  Hellion  
  167  12:52  Siege Tank  
  167  12:53  Viking  
  167  12:57  Orbital Command  
  160  13:00  SCV  
  160  13:01  SCV x4  
  160  13:03  Siege Tank  
  156  13:06  Siege Tank  
  156  13:07  Hellion  
  156  13:10  Siege Tank  
  156  13:11  Hellion  
  156  13:12  SCV  
  162  13:13  SCV x3  
  162  13:16  SCV x2  
  167  13:21  Siege Tank  
  167  13:24  Siege Tank  
  167  13:26  Hellion  
  155  13:29  Viking  
  155  13:31  SCV  
  155  13:32  SCV x3  
  155  13:33  SCV  
  148  13:35  Siege Tank, Viking  
  148  13:36  Hellion x2  
  148  13:38  Terran Vehicle Weapons Level 3  
  153  13:43  Terran Vehicle And Ship Armor Level 3  
  153  13:49  Siege Tank  
  153  13:50  Siege Tank, Hellion x2  
  163  13:56  Missile Turret, Sensor Tower  
  163  13:59  Missile Turret  
  163  14:01  Hellion x3, Viking  
  171  14:03  Barracks Tech Lab x2  
  171  14:05  Ghost Academy, Viking  
  171  14:07  Barracks  
  169  14:17  Thor  
  179  14:29  Sensor Tower  
  179  14:36  Viking x2  
  195  14:44  Thor  
  195  14:52  Siege Tank x3  
  186  14:58  Hellion x6  
  189  15:24  Supply Depot  
  189  15:25  Supply Depot  
  189  15:26  Supply Depot x3  
  189  15:34  Siege Tank  
  189  15:35  Hellion  
  170  15:36  Hellion x2  
  170  15:37  Orbital Command  
  170  15:39  Hellion  
  170  15:42  Siege Tank, Hellion  
  169  15:45  Ghost  
  169  15:46  Siege Tank x2, Hellion, Viking  
  172  15:50  Orbital Command  
  172  15:57  Thor  
  172  15:59  Hellion x2  
  180  16:06  Thor  
  182  16:14  Orbital Command, Siege Tank  
  183  16:18  Siege Tank x2  
  183  16:19  Barracks Tech Lab  
  183  16:20  Hellion x2  
  183  16:25  Hellion x4  
  164  16:38  Ghost x2  
  161  16:40  Siege Tank  
  161  16:41  Hellion x2  
  161  16:46  Siege Tank  
  153  16:47  Hellion  
  153  16:49  Siege Tank  
  153  16:50  Siege Tank x2  
  146  17:01  SCV x5  
  146  17:06  Ghost  
  150  17:11  Ghost  
  150  17:13  SCV x3  
  145  17:17  SCV x2  
  145  17:22  Missile Turret  
  147  17:25  SCV x3  
  138  17:40  Refinery  
  138  17:41  Hellion x2  
  138  17:42  Ghost x2  
  122  17:45  Hellion x3  
  122  17:46  Hellion  
  122  17:48  Hellion  
  122  17:49  Hellion  
  130  17:53  SCV x3  
  130  17:55  Hellion  
  135  17:59  Orbital Command  
  135  18:05  SCV x3  
  138  18:10  Ghost  
  138  18:11  Ghost  
  142  18:25  SCV  
  142  18:27  SCV x2  
  145  18:29  SCV  
  146  18:37  SCV  
  146  18:39  Ghost x2  
  151  18:44  SCV x2  
  151  18:53  Siege Tank  
  151  18:54  Hellion  
  149  18:57  Hellion  
  151  19:07  Ghost  
  151  19:08  Ghost  
  155  19:14  Orbital Command  
  153  19:20  Siege Tank x2, Hellion x2  
  163  19:26  Hellion  
  165  19:36  Ghost  
  129  19:39  Siege Tank, Hellion x2  
  120  19:45  Hellion  
  105  19:54  Siege Tank, Hellion  
  105  19:56  Hellion  
  110  20:08  Siege Tank, Hellion  
  110  20:09  Hellion  
  110  20:13  Hellion  
  119  20:19  Hellion x2  
  120  20:24  Hellion x2  
  123  20:33  Siege Tank, Hellion  
  121  20:42  Refinery  
  117  20:43  Refinery  
  117  20:47  Ghost  
  117  20:49  Hellion x2  
  123  21:00  Hellion x2  
  122  21:30  Siege Tank  
  122  21:31  Siege Tank  
  124  21:36  Ghost x2  
  121  21:55  Orbital Command  
  108  22:04  Siege Tank  
  108  22:05  Ghost x2  
  86  22:15  Hellion  
  88  22:30  Medivac  
  90  22:37  Viking  
  90  22:41  Hellion  
  94  22:52  Hellion  
  82  23:00  Hellion  
Show
View Real Time Build Order
Export as new Build Order

SHIN Zerg - Winner!

Build Orders: Hatch First, Brood Lord Corruptor, Roach Hydra, Swarm Host 

Get SALT Encoding   

  12  0:00  Drone  
  13  0:12  Overlord  
  13  0:16  Drone  
  14  0:31  Drone x2  
  16  0:46  Hatchery  
  15  0:51  Drone  
  15  0:55  Drone  
  17  0:57  Drone  
  18  1:12  Spawning Pool  
  18  1:14  Drone  
  18  1:19  Drone  
  19  1:28  Drone  
  20  1:39  Drone  
  21  1:55  Hatchery  
  21  1:59  Queen  
  21  2:00  Queen  
  24  2:03  Zergling x2  
  24  2:06  Zergling x2  
  26  2:09  Zergling x2  
  26  2:14  Overlord  
  27  2:19  Drone  
  27  2:33  Drone x4  
  27  2:36  Queen  
  33  2:43  Overlord  
  33  2:44  Drone  
  34  2:52  Drone  
  34  2:54  Extractor  
  34  2:59  Overlord  
  34  3:01  Queen  
  34  3:04  Drone x2  
  38  3:07  Drone  
  38  3:10  Drone x3  
  42  3:16  Queen  
  44  3:21  Drone x2  
  44  3:22  Drone  
  47  3:28  Queen  
  47  3:32  Overlord  
  49  3:36  Drone x2  
  49  3:40  Drone x2  
  53  3:43  Drone  
  53  3:44  Drone  
  53  3:45  Drone  
  53  3:47  Overlord  
  56  3:52  Overlord  
  56  3:53  Drone  
  57  3:57  Queen  
  57  3:59  Drone  
  57  4:00  Drone  
  61  4:03  Drone x2  
  61  4:05  Drone  
  61  4:07  Metabolic Boost  
  64  4:10  Overlord  
  64  4:12  Drone  
  64  4:15  Queen  
  67  4:18  Drone x2  
  67  4:21  Drone x2  
  71  4:27  Drone x2  
  71  4:28  Drone, Extractor  
  71  4:30  Drone x4  
  77  4:33  Queen  
  77  4:35  Drone  
  77  4:36  Drone  
  81  4:40  Spore Crawler  
  81  4:41  Spore Crawler, Drone x2  
  81  4:44  Spore Crawler  
  80  4:48  Drone, Overlord x2  
  81  4:56  Lair  
  81  5:00  Extractor  
  81  5:03  Hatchery, Queen  
  81  5:11  Drone x4  
  81  5:12  Evolution Chamber  
  81  5:13  Evolution Chamber  
  81  5:14  Zergling x8  
  86  5:19  Zergling x8  
  91  5:23  Drone x4  
  91  5:27  Baneling Nest  
  94  5:30  Zergling x2  
  94  5:31  Zergling x2  
  95  5:38  Drone x2  
  95  5:41  Zerg Melee Weapons Level 1  
  95  5:42  Zerg Ground Armor Level 1  
  97  5:44  Zergling x2  
  97  5:45  Overlord  
  97  5:47  Overlord x4  
  97  5:49  Overlord  
  98  5:52  Overlord  
  98  5:56  Zergling x2  
  98  5:57  Zergling x2  
  88  6:05  Zergling x10  
  92  6:11  Zergling x8  
  92  6:14  Centrifugal Hooks  
  92  6:16  Extractor  
  92  6:17  Drone x2  
  97  6:22  Drone x2  
  97  6:23  Drone x3  
  97  6:25  Drone  
  103  6:26  Drone x3  
  103  6:29  Drone x2, Extractor  
  103  6:31  Extractor  
  104  6:33  Drone  
  104  6:35  Roach Warren  
  104  6:36  Drone  
  104  6:38  Drone  
  104  6:39  Overseer  
  102  6:40  Drone x2  
  102  6:41  Drone  
  102  6:44  Spore Crawler, Drone x2  
  106  6:48  Drone x2  
  106  6:49  Infestation Pit  
  106  6:51  Drone  
  106  6:52  Drone x2  
  106  6:55  Drone x4  
  106  6:56  Hatchery  
  106  6:58  Drone  
  106  6:59  Drone  
  111  7:02  Extractor x2  
  111  7:05  Hydralisk Den, Drone  
  111  7:06  Drone x4  
  113  7:11  Zergling x10  
  113  7:14  Glial Reconstitution  
  118  7:20  Roach x3  
  118  7:21  Roach  
  126  7:25  Roach  
  126  7:26  Roach x2  
  126  7:28  Hive  
  132  7:32  Spire  
  132  7:35  Spine Crawler  
  132  7:36  Overlord x2  
  130  7:37  Grooved Spines  
  130  7:41  Roach  
  130  7:42  Roach x2  
  130  7:44  Zerg Missile Weapons Level 1  
  133  7:45  Zerg Melee Weapons Level 2  
  133  7:50  Drone x4  
  137  7:53  Drone x4  
  137  7:56  Zergling x4, Roach  
  142  8:00  Roach x2  
  142  8:04  Overlord  
  146  8:06  Zergling x6, Roach  
  151  8:14  Spore Crawler  
  151  8:16  Drone, Overlord  
  151  8:18  Hydralisk x4  
  159  8:31  Spine Crawler  
  159  8:32  Drone x2  
  159  8:33  Extractor  
  159  8:34  Spine Crawler, Extractor  
  157  8:39  Muscular Augments  
  156  8:43  Drone x3  
  159  8:50  Viper x3  
  159  8:55  Greater Spire, Overlord  
  168  8:58  Overlord, Hydralisk x4  
  168  8:59  Hydralisk  
  178  9:15  Corruptor x6  
  189  9:17  Corruptor  
  189  9:19  Hatchery  
  189  9:21  Corruptor  
  190  9:27  Hydralisk  
  190  9:28  Roach x4  
  188  9:48  Hydralisk x4  
  179  10:14  Brood Lord  
  179  10:15  Brood Lord x5  
  179  10:18  Corruptor, Hydralisk  
  179  10:20  Roach  
  179  10:21  Roach x5  
  187  10:22  Drone x4  
  187  10:23  Drone x3  
  194  10:36  Baneling x13  
  187  10:51  Brood Lord x2  
  187  10:56  Hatchery, Overlord x2, Hydralisk  
  187  10:57  Hydralisk  
  194  11:07  Overseer x2  
  194  11:10  Hydralisk x2  
  197  11:13  Overlord  
  197  11:16  Spine Crawler x2  
  197  11:17  Zerg Flyer Weapons Level 1, Zerg Missile Weapons Level 2  
  195  11:25  Spine Crawler  
  194  11:26  Spine Crawler  
  194  11:28  Spine Crawler  
  194  11:29  Spine Crawler  
  194  11:30  Spine Crawler  
  194  11:31  Spore Crawler  
  185  11:37  Corruptor x4  
  187  11:50  Viper  
  181  12:05  Drone x3  
  181  12:06  Drone x3, Extractor  
  181  12:07  Drone x2  
  181  12:08  Extractor  
  183  12:17  Overlord, Hydralisk x8  
  191  12:31  Overseer  
  191  12:35  Hydralisk x7  
  176  12:45  Hydralisk x6  
  176  12:47  Hydralisk  
  176  12:48  Roach  
  176  12:49  Hydralisk  
  165  12:53  Zergling x24, Roach  
  165  12:56  Roach  
  160  13:01  Zergling x2, Hydralisk  
  160  13:02  Roach  
  160  13:03  Hydralisk  
  147  13:05  Roach  
  147  13:06  Roach x2  
  147  13:07  Roach x2  
  147  13:14  Roach x4  
  147  13:17  Roach x2  
  155  13:20  Roach x2  
  155  13:21  Roach  
  155  13:26  Roach x2  
  148  13:31  Drone x4  
  144  13:37  Drone x4  
  148  13:46  Extractor  
  147  13:57  Viper  
  147  13:58  Viper x2  
  156  14:06  Spine Crawler, Spore Crawler  
  154  14:12  Hatchery  
  152  14:21  Swarm Host x10  
  182  14:28  Swarm Host x3  
  185  14:35  Swarm Host x2  
  187  14:51  Zerg Missile Weapons Level 3, Zerg Ground Armor Level 2  
  182  15:07  Roach  
  182  15:08  Roach x8  
  182  15:11  Roach  
  182  15:12  Roach  
  199  15:17  Roach  
  199  15:18  Roach  
  200  15:24  Roach x2  
  197  15:29  Roach  
  199  15:39  Roach  
  197  15:43  Roach  
  199  15:56  Drone  
  198  15:58  Roach  
  200  16:04  Hatchery  
  200  16:09  Hydralisk  
  200  16:10  Roach x2  
  189  16:20  Pneumatized Carapace, Hydralisk, Roach x4  
  189  16:21  Roach x3  
  189  16:23  Roach x3  
  199  16:34  Overlord  
  199  16:35  Overlord x2  
  199  16:39  Roach  
  195  16:41  Roach x3  
  195  16:42  Hydralisk x2  
  195  16:43  Roach x4  
  195  16:44  Roach  
  195  16:45  Roach x2  
  195  16:46  Roach x2  
  193  16:48  Roach  
  193  16:51  Roach  
  176  17:00  Hydralisk x5, Extractor  
  185  17:02  Hydralisk x2  
  185  17:06  Hydralisk  
  185  17:09  Hydralisk x2  
  185  17:10  Hydralisk  
  185  17:13  Hydralisk x2  
  185  17:15  Hydralisk  
  197  17:23  Drone x3  
  200  17:36  Hydralisk x4  
  200  17:37  Hydralisk  
  200  17:40  Spine Crawler, Roach  
  200  17:42  Spine Crawler  
  162  17:58  Viper  
  162  18:01  Ravager x8  
  162  18:02  Roach x3  
  162  18:03  Overseer  
  162  18:04  Overseer  
  177  18:06  Roach x2  
  174  18:13  Drone x3  
  174  18:16  Roach  
  178  18:21  Roach  
  178  18:26  Ravager x5  
  185  18:31  Roach x2  
  186  18:38  Roach x2  
  187  18:49  Hydralisk  
  187  18:50  Roach x2  
  193  19:01  Drone x3  
  196  19:03  Hydralisk  
  196  19:08  Hydralisk  
  194  19:11  Roach  
  194  19:13  Roach  
  178  19:27  Roach x3  
  180  19:35  Hydralisk  
  145  19:40  Hydralisk  
  126  19:46  Hydralisk  
  123  19:58  Viper x2  
  117  20:23  Swarm Host x3  
  117  20:26  Hydralisk  
  122  20:51  Hydralisk x2  
  122  20:56  Roach Warren  
  125  21:03  Hatchery  
  122  21:08  Hydralisk x3  
  128  21:14  Hydralisk  
  114  21:36  Roach x3  
  120  21:43  Roach  
  120  21:52  Hydralisk  
  120  21:53  Roach  
  115  22:01  Roach  
  115  22:02  Roach  
  115  22:08  Roach  
  106  22:17  Roach  
  106  22:21  Roach  
  110  22:25  Ravager x3  
  110  22:26  Ravager  
  110  22:28  Ravager x2  
  120  22:51  Roach x2  
  120  22:53  Hatchery  
  119  23:02  Roach  
  119  23:03  Roach  
Tags
 
Add a new tag
Caveats
  • Supply blocks, unpowered buildings, or Contaminate may cause inaccurate times.
  • Supply counts are checked every 10 seconds.